AoeStats
← Sylar

Yucatan

503195499Analyzed
3v3 RM · 2mo ago on Aug 30, 2026· 48m 28s· 6 players
Game mode
Random Map
Map size
Normal (6 player)
Population
200
Speed
Normal
Resources
Standard
Victory
Conquest
Starting age
Dark Age
Ending age
Imperial Age
RankedLock teamsTeams togetherTeam positionsShared explorationLock speedFull tech treeHidden civsTurbo modeCheats
Victory
Defeat
🇺🇸 Spanish · United States
794
+16
🇨🇳 Franks · China
776
+17
🇰🇷 Britons · South Korea
764
+18
vs
🇫🇷 Goths · France
828
-18
🇫🇷 Persians · France
791
-17
🇫🇷 Bohemians · France
778
-16
Outlier
3:13 Loom
11:29 Feudal Age
12:41 Double-Bit Axe
12:40 Horse Collar
14:07 Wheelbarrow
18:20 Stone Mining
18:22 Gold Mining
18:54 Town Watch
21:50 Castle Age
20:10 Forging
21:27 Scale Barding Armor
22:54 Husbandry
23:12 Fishing Lines
26:05 Bloodlines
25:59 Caravan
26:16 Heavy Plow
30:49 Hand Cart
30:46 Fletching
31:19 Chain Barding Armor
31:57 Fervor
32:08 Sanctity
34:03 Stone Shaft Mining
38:17 Imperial Age
36:08 Murder Holes
36:35 Fortified Wall
37:45 Ballistics
38:00 Squires
37:46 Arson
38:40 Iron Casting
39:24 Masonry
42:31 Chemistry
40:55 Elite Conquistador
41:59 Conscription
42:16 Hoardings
42:14 Town Patrol
43:02 Plate Barding Armor
41:51 Light Cavalry
42:20 Gambesons
42:19 Capped Ram
43:20 Bow Saw
44:34 Inquisition
46:24 Two-Man Saw
46:25 Block Printing
46:17 Herbal Medicine
46:48 Illumination
47:00 Theocracy
46:28 Devotion
46:48 Heresy
46:39 Redemption
46:30 Atonement
46:23 Gillnets
miniman17
4:18 Loom
10:32 Feudal Age
11:48 Wheelbarrow
10:58 Town Watch
10:59 Double-Bit Axe
22:34 Castle Age
20:42 Stone Mining
20:49 Gold Mining
21:44 Forging
23:46 Hand Cart
24:05 Bow Saw
24:01 Fletching
25:02 Scale Barding Armor
25:22 Horse Collar
26:35 Crossbowman
27:20 Padded Archer Armor
27:48 Heavy Plow
28:51 Gold Shaft Mining
28:48 Ballistics
28:09 Treadmill Crane
28:40 Masonry
28:54 Light Cavalry
29:35 Husbandry
31:14 Husbandry
33:14 Town Patrol
35:24 Yeomen
35:43 Murder Holes
35:59 Fortified Wall
36:23 Bodkin Arrow
37:22 Pikeman
38:04 Squires
37:51 Gambesons
42:45 Imperial Age
40:59 Iron Casting
40:25 Scale Mail Armor
42:03 Leather Archer Armor
42:04 Chain Mail Armor
42:06 Arson
42:46 Chain Barding Armor
42:47 Halberdier
42:52 Arbalester
44:46 Chemistry
45:23 Blast Furnace
45:00 Bracer
46:53 Ring Archer Armor
46:53 Plate Mail Armor
48:06 Plate Barding Armor
天王盖地虎
10:46 Feudal Age
11:58 Double-Bit Axe
18:11 Castle Age
19:11 Bow Saw
25:56 Forging
26:15 Gold Mining
26:25 Stone Mining
29:22 Fortified Wall
33:59 Gold Shaft Mining
36:11 Imperial Age
33:57 Masonry
35:51 Wheelbarrow
35:02 Loom
35:28 Murder Holes
36:01 Husbandry
37:15 Iron Casting
36:46 Scale Barding Armor
37:15 Hand Cart
36:46 Town Watch
36:47 Cavalier
39:43 Blast Furnace
39:06 Chain Barding Armor
38:38 Fletching
39:28 Chivalry
39:35 Bodkin Arrow
40:13 Architecture
40:46 Chemistry
40:37 Paladin
41:59 Ballistics
42:18 Plate Barding Armor
41:45 Scale Mail Armor
41:48 Padded Archer Armor
43:13 Chain Mail Armor
43:15 Leather Archer Armor
43:08 Siege Engineers
43:44 Hoardings
43:52 Caravan
45:19 Plate Mail Armor
45:19 Arson
45:34 Squires
44:55 Pikeman
CrêpeCaramel
1:11 Loom
13:20 Feudal Age
13:49 Double-Bit Axe
15:21 Wheelbarrow
18:52 Castle Age
18:19 Stone Mining
19:48 Bow Saw
28:16 Horse Collar
29:48 Squires
30:04 Forging
31:02 Scale Mail Armor
35:13 Anarchy
36:23 Iron Casting
36:05 Chain Mail Armor
41:14 Imperial Age
38:51 Fletching
39:07 Scale Barding Armor
41:33 Hand Cart
41:04 Town Watch
41:43 Ballistics
41:19 Murder Holes
41:35 Masonry
44:04 Blast Furnace
45:03 Bodkin Arrow
45:09 Padded Archer Armor
45:55 Elite Huskarl
46:57 Conscription
47:40 Husbandry
47:50 Bloodlines
47:02 Light Cavalry
47:05 Cavalier
48:00 Bracer
48:21 Chain Barding Armor
48:16 Leather Archer Armor
47:24 Elite Skirmisher
Nomisteak
1:17 Loom
11:28 Feudal Age
16:32 Double-Bit Axe
19:44 Castle Age
23:46 Bow Saw
24:38 Horse Collar
28:44 Wheelbarrow
28:40 Heavy Plow
31:19 Hand Cart
30:50 Town Watch
30:58 Pikeman
31:38 Squires
35:17 Chemistry
37:24 Murder Holes
37:58 Scale Mail Armor
38:08 Forging
37:49 Fletching
37:59 Padded Archer Armor
41:21 Imperial Age
42:50 Caravan
44:11 Two-Man Saw
42:36 Houfnice
43:36 Town Patrol
44:27 Siege Engineers
44:04 Treadmill Crane
44:35 Masonry
44:47 Ballistics
46:19 Conscription
45:20 Elite Hussite Wagon
47:20 Conscription
Sylar
1:46 Loom
11:39 Feudal Age
20:11 Castle Age
18:01 Double-Bit Axe
18:00 Horse Collar
19:07 Stone Mining
20:52 Wheelbarrow
20:03 Town Watch
23:40 Hand Cart
23:31 Town Patrol
24:21 Bow Saw
28:35 Gold Mining
28:49 Heavy Plow
31:42 Pikeman
32:23 Squires
37:13 Imperial Age
37:08 Kamandaran
38:08 Stone Shaft Mining
38:10 Gold Shaft Mining
37:38 Murder Holes
38:05 Ballistics
37:39 Halberdier
38:32 Scale Barding Armor
38:38 Forging
40:34 Conscription
40:28 Citadels
40:54 Hoardings
40:21 Elite War Elephant
41:03 Arson
44:15 Crop Rotation
Connection lost

Rejoining the realm…

Still unreachable

The connection could not be restored.

Session expired

The server has moved on; the page needs a fresh start.